 Dungeon Crawl Stone Soup version 0.29.1-15-g9cfb28693d (webtiles) character file.

Game seed: 16057012730801276602

8338 Gabide the Geomancer (level 11, 0/66 HPs)
             Began as a Kobold Earth Elementalist on Apr 14, 2023.
             Was an Initiate of Gozag.
             Slain by a seven-headed hydra (5 damage)
             ... on level 1 of the Lair of Beasts.
             The game lasted 00:25:12 (9579 turns).

Gabide the Geomancer (Kobold Earth Elementalist)    Turns: 9579, Time: 00:25:14

Health: 0/66       AC: 13    Str:  5    XL:     11   Next: 54%
Magic:  21/21      EV: 18    Int: 30    God:    Gozag
Gold:   570        SH:  0    Dex: 20    Spells: 9/23 levels left

rFire   . . .      SeeInvis .   B - +9 spear "Caeregiq" {flame, *Noise +Blink Int+6}
rCold   . . .      Faith    .   (no shield)
rNeg    . . .      Spirit   .   g - +1 leather armour "Gelean" {Int+3 Dex+4}
rPois   .          Reflect  .   c - +0 helmet
rElec   .          Harm     .   y - +0 cloak
rCorr   .          Rampage  .   p - +0 pair of gloves
Will    .....                   d - +1 pair of boots
Stlth   +++.......              t - amulet of magic regeneration
HPRegen 0.21/turn               D - +4 ring of protection
MPRegen 0.57/turn               (no ring)

@: about to teleport
A: small, no large weapons, nightstalker 3
a: Renounce Religion, Evoke Blink, Potion Petition, Call Merchant, Bribe Branch


You were on level 1 of the Lair of Beasts.
You worshipped Gozag.
Gozag was pleased with you.
You visited 2 branches of the dungeon, and saw 10 of its levels.

You collected 1770 gold pieces.
You spent 84 gold pieces at shops.
You paid 1116 gold pieces to Gozag.

Inventory:

Hand Weapons
 a - a +3 dagger of venom
 z - the +6 hammer "Tuucloso" {venom, rCorr Stlth+}
   (You found it on level 4 of the Dungeon)

   It poisons the flesh of those it strikes.
   rCorr:     It protects you from acid and corrosion.
   Stlth:     It makes you more stealthy.
 B - the +9 spear "Caeregiq" (weapon) {flame, *Noise +Blink Int+6}
   (You found it on level 5 of the Dungeon)

   It burns those it strikes, dealing additional fire damage.
   Int:       It affects your intelligence (+6).
   +Blink:    It lets you blink.
   *Noise:    It may make noises in combat.
Missiles
 j - 4 curare-tipped darts
 x - 16 poisoned darts
 F - a throwing net
Armour
 c - a +0 helmet (worn)
 d - a +1 pair of boots (worn)
 g - the +1 leather armour "Gelean" (worn) {Int+3 Dex+4}
   (You found it on level 6 of the Dungeon)

   Int:       It affects your intelligence (+3).
   Dex:       It affects your dexterity (+4).
 o - an orb of energy
 p - a +0 pair of gloves (worn)
 r - a +0 troll leather armour {Pargi}
 y - a +0 cloak (worn)
Jewellery
 t - an amulet of magic regeneration (around neck)
 D - a +4 ring of protection (left hand)
Wands
 A - a wand of quicksilver (7)
 E - a wand of flame (38)
 G - a wand of paralysis (1)
Scrolls
 e - a scroll of teleportation
 f - 2 scrolls of immolation
 i - 2 scrolls of amnesia
 m - a scroll of enchant weapon
 n - a scroll of silence
 H - a scroll of torment
 I - a scroll of magic mapping
Potions
 b - a potion of magic
 h - 2 potions of flight
 k - a potion of brilliance
 l - 6 potions of curing
 q - 3 potions of might
 s - 2 potions of attraction
 u - 3 potions of haste
 v - 5 potions of mutation {unknown}
 C - 3 potions of cancellation
Miscellaneous
 w - a box of beasts


   Skills:
 + Level 6.9 Fighting
 - Level 2.0 Short Blades
 - Level 2.0 Polearms
 - Level 3.0 Armour
 + Level 7.1 Dodging
 - Level 3.0 Stealth
 + Level 6.8 Spellcasting
 * Level 9.1 Conjurations
 - Level 1.0 Transmutations
 * Level 9.2 Earth Magic


You had 9 spell levels left.
You knew the following spells:

 Your Spells              Type           Power      Damage    Failure   Level
a - Sandblast             Erth           100%       2d20      1%          1
b - Passwall              Tmut/Erth      33%        N/A       1%          2
c - Stone Arrow           Conj/Erth      100%       3d13      1%          3
d - Petrify               Tmut/Erth      40%        N/A       10%         4
e - Leda's Liquefaction   Hex/Erth       18%        N/A       12%         4

Your spell library contained the following spells:

 Spells                   Type           Power      Damage    Failure   Level
 Dazzling Flash           Conj/Hex       74%        N/A       3%          3
 Apportation              Tloc           20%        N/A       8%          1
 Necrotise                Necr           40%        1d6       8%          1
 Summon Small Mammal      Summ           40%        N/A       8%          1
 Iskenderun's Mystic Bla  Conj/Tloc      37%        2d9       12%         4
 Call Canine Familiar     Summ           10%        N/A       24%         3
 Portal Projectile        Hex/Tloc       20%        N/A       24%         3
 Starburst                Conj/Fire      18%        6d7       88%         6


Dungeon Overview and Level Annotations

Branches:
Dungeon (9/15)             Temple (0/1) D:5            Lair (1/5) D:9
    Orc (0/2) D:9

Altars:
Ashenzari
Cheibriados
Elyvilon
Fedhas
Gozag
Kikubaaqudgha
Okawaru
Qazlal
Ru
Sif Muna
Vehumet
Xom
Zin
The Shining One

Shops:
D:6 =   D:7 ?   D:9 (


Innate Abilities, Weirdness & Mutations

You are small and have problems with some larger weapons.
You are completely attuned to the shadows.


Message History

The seven-headed hydra bites you!
The seven-headed hydra bites you but does no damage.
The seven-headed hydra misses you.
The seven-headed hydra bites you but does no damage. x2
The seven-headed hydra bites you!
The seven-headed hydra bites you but does no damage.
The seven-headed hydra misses you.
The seven-headed hydra completely misses you.
There is a staircase back to the Dungeon, spattered with blood here.
Unknown command.
Okay, then.
Unknown command.
Unknown command.
Unknown command.
As you read the scroll of teleportation, it crumbles to dust.
You feel strangely unstable.
The seven-headed hydra closely misses you.
The seven-headed hydra barely misses you.
The seven-headed hydra closely misses you.
The seven-headed hydra barely misses you.
The seven-headed hydra bites you but does no damage. x2
The seven-headed hydra bites you!
Unknown command.
The seven-headed hydra attacks as you move away!
The seven-headed hydra closely misses you.
The seven-headed hydra bites you but does no damage.
The seven-headed hydra bites you.
* * * LOW HITPOINT WARNING * * *
The seven-headed hydra closely misses you.
The seven-headed hydra bites you.
* * * LOW HITPOINT WARNING * * *
The seven-headed hydra misses you. The seven-headed hydra bites you!
* * * LOW HITPOINT WARNING * * *
The seven-headed hydra attacks as you move away!
The seven-headed hydra bites you but does no damage.
The seven-headed hydra barely misses you. x2
The seven-headed hydra completely misses you.
The seven-headed hydra bites you.
You die...
Your body crumbles into a pile of gold.

....P......#####......
..........## #......
..........## #P......
...........# ##......
.............
.............
.............
............
.....@..... ....D.....
.......... ..........
........## .......## $


You could see a seven-headed hydra.

Vanquished Creatures
  A komodo dragon (D:9)
  A vampire (D:9)
  A wyvern (D:4)
  21 yaks
  2 steam dragons (D:8)
  2 acid dragons
  2 ice beasts (D:5)
  3 orc warriors
  Pargi (D:3)
  A swamp drake (D:9)
  3 black bears
  2 sky beasts
  2 ogres
  2 centaurs
  A phantom (D:4)
  A kobold brigand (D:8)
  4 scorpions
  3 bullfrogs
  2 necrophages
  7 wights
  13 killer bees
  A howler monkey (D:7)
  4 crimson imps (D:8)
  3 orc priests (D:9)
  4 jellies
  Crazy Yiuf (D:4)
  5 hounds
  5 iguanas
  9 orc wizards
  7 adders
  3 gnolls (D:2)
  A shadow imp (D:6)
  A white imp (D:6)
  3 worms
  2 dart slugs
  33 orcs
  3 bats
  6 endoplasms
  5 giant cockroaches
  6 hobgoblins
  4 jackals (D:1)
  4 quokkas
  9 ball pythons
  3 frilled lizards
  6 goblins
  8 kobolds
  5 rats
216 creatures vanquished.

Vanquished Creatures (collateral kills)
  A steam dragon (D:8)
1 creature vanquished.

Vanquished Creatures (others)
  5 fungi (D:9)
  7 plants
12 creatures vanquished.

Grand Total: 229 creatures vanquished

Notes
Turn   | Place    | Note
-------+----------+-------------------------------------------
     0 | D:1      | Gabide the Kobold Earth Elementalist began the quest for
                  | the Orb.
     0 | D:1      | Reached XP level 1. HP: 10/10 MP: 3/3
   230 | D:1      | Reached XP level 2. HP: 15/15 MP: 3/5
   461 | D:1      | Found a faded altar of an unknown god.
   933 | D:2      | Reached XP level 3. HP: 19/19 MP: 3/7
  1257 | D:2      | Reached XP level 4. HP: 19/24 MP: 5/10
  1475 | D:2      | Reached skill level 1 in Fighting
  1475 | D:2      | Reached XP level 5. HP: 11/29 MP: 1/11
  1880 | D:2      | Learned a level 2 spell: Passwall
  1884 | D:2      | Learned a level 3 spell: Stone Arrow
  2057 | D:3      | Noticed Pargi
  2065 | D:3      | Killed Pargi
  2066 | D:3      | Reached XP level 6. HP: 35/35 MP: 9/12
  2391 | D:3      | Found a snail-covered altar of Cheibriados.
  2531 | D:4      | Noticed a wyvern
  2535 | D:4      | Found a large runed translucent door.
  2535 | D:4      | Found a large runed translucent door.
  2544 | D:4      | Reached skill level 1 in Short Blades
  2579 | D:4      | Found a runed translucent door.
  2582 | D:4      | Noticed Crazy Yiuf
  2675 | D:4      | Reached skill level 1 in Armour
  2675 | D:4      | Reached XP level 7. HP: 38/40 MP: 10/13
  2800 | D:4      | Found a large runed translucent door.
  2800 | D:4      | Found a large runed translucent door.
  2839 | D:4      | Noticed an acid dragon
  2943 | D:5      | Entered Level 5 of the Dungeon
  2964 | D:5      | Found an opulent altar of Gozag.
  2982 | D:5      | Reached skill level 5 in Spellcasting
  3015 | D:5      | Became a worshipper of Gozag Ym Sagoz the Greedy
  3017 | D:5      | Found an iron altar of Okawaru.
  3095 | D:5      | Found a staircase to the Ecumenical Temple.
  3143 | D:5      | Found a stormy altar of Qazlal.
  3148 | D:5      | Found a blossoming altar of Fedhas.
  3150 | D:5      | Found an ancient bone altar of Kikubaaqudgha.
  3151 | D:5      | Found a sacrificial altar of Ru.
  3156 | D:5      | Found a shimmering blue altar of Sif Muna.
  3205 | D:5      | Reached XP level 8. HP: 44/44 MP: 10/17
  3267 | D:5      | Reached skill level 5 in Earth Magic
  3575 | D:5      | Identified the +9 spear "Caeregiq" {flame, *Noise +Blink
                  | Int+6}
  3712 | D:6      | Found Cusu's Jewellery Boutique.
  3718 | D:6      | Reached skill level 5 in Conjurations
  3782 | D:6      | Reached XP level 9. HP: 48/48 MP: 4/18
  4562 | D:6      | Identified the +1 leather armour "Gelean" {Int+3 Dex+4}
  5563 | D:4      | Reached XP level 10. HP: 54/56 MP: 10/19
  5614 | D:4      | Killed Crazy Yiuf
  5628 | D:4      | Identified the +6 hammer "Tuucloso" {venom, rCorr Stlth+}
  5902 | D:7      | Found a radiant altar of Vehumet.
  6100 | D:7      | Reached skill level 5 in Fighting
  6128 | D:7      | Found a broken altar of Ashenzari.
  6329 | D:7      | Found Adelaos's Magic Scroll Shop.
  6363 | D:7      | Bought a scroll of identify for 24 gold pieces
  6363 | D:7      | Bought a scroll of noise for 12 gold pieces
  6363 | D:7      | Bought 2 scrolls of identify for 48 gold pieces
  6518 | D:7      | Learned a level 4 spell: Petrify
  6523 | D:7      | Learned a level 4 spell: Leda's Liquefaction
  6756 | D:8      | Found a shimmering altar of Xom.
  7001 | D:8      | Reached skill level 5 in Dodging
  7376 | D:8      | Found a glowing silver altar of Zin.
  7376 | D:8      | Found a glowing golden altar of the Shining One.
  7377 | D:8      | Found a white marble altar of Elyvilon.
  7428 | D:9      | Reached skill level 1 in Polearms
  7721 | D:9      | Reached XP level 11. HP: 64/64 MP: 11/20
  8116 | D:9      | Found a staircase to the Lair.
  8332 | D:9      | Found a staircase to the Orcish Mines.
  8712 | Lair:1   | Entered Level 1 of the Lair of Beasts
  8826 | Lair:1   | Noticed a seven-headed hydra
  9579 | Lair:1   | Slain by a seven-headed hydra

Illustrated notes

Levels and vault maps discovered:
D:1:      lightli_arrival_statue_moat, layout_loops_ring,
          shapermc_ecumenical_altar_mp_highgroup
D:2:      layout_rooms, minmay_surrounded
D:3:      layout_rooms, cheibrodos_worm_habitat, minmay_misc_feat_encased,
          uniq_pargi
D:4:      layout_loops_ring, kennysheep_decorative_pillar,
          minmay_hollow_rounded_squares, uniq_crazy_yiuf_cottage
D:5:      layout_rooms, chequers_temple_overflow_minitemple,
          grunt_temple_overflow_open, minmay_temple_entry_statues_pillars,
          hangedman_decor_slide_cut, kennysheep_generic_room_2
D:6:      layout_loops_cross, serial_shops, shop_statue
D:7:      layout_loops_ring, ashenzari_altar_1,
          mainiacjoe_overflow_cross_hatched, serial_shops,
          nicolae_inconvenience_store
D:8:      layout_rooms, good_gods_temple_1, led_xom_imps,
          nicolae_figureground_sparkle
D:9:      layout_irregular_city, grunt_lair_entry_orc_guard_hut, erik_orc_1
Lair:1:   dragon1_lemuel, layout_layer_cave, beast_lair_carwin_8,
          lemuel_fruit_tree, grunt_megastairs_3

Skill      XL: |  1  2  3  4  5  6  7  8  9 10 11 |
---------------+----------------------------------+-----
Spellcasting   | 3 4 6 |  6.8
Earth Magic    | 4 6 8 9 |  9.2
Fighting       | 1 2 3 6 |  6.9
Conjurations   | 2 4 5 7 8 9 |  9.1
Short Blades   | 2 |  2.0
Armour         | 1 2 3 |  3.0
Dodging        | 3 6 7 |  7.1
Stealth        | 3 |  3.0
Polearms       | 2 |  2.0
Transmutations | |  1.0

Action                   |  1- 3 |  4- 6 |  7- 9 | 10-12 || total
-------------------------+-------+-------+-------+-------++-------
Melee: Unarmed           |       |     1 |       |       ||     1
       Spear             |       |       |    13 |    10 ||    23
Throw: Throwing net      |       |     1 |       |       ||     1
 Cast: Sandblast         |    44 |    73 |    60 |    27 ||   204
       Stone Arrow       |       |     1 |    62 |   128 ||   191
Invok: Potion Petition   |       |       |       |     1 ||     1
       Call Merchant     |       |       |       |     1 ||     1
  Use: Scroll            |       |     2 |    10 |    10 ||    22
       Potion            |       |     2 |       |       ||     2
Armor: Robe              |     1 |     3 |       |       ||     4
       Troll leather arm |       |     7 |    16 |       ||    23
       Leather armour    |       |       |     1 |    26 ||    27
Dodge: Dodged            |     5 |    14 |    35 |    82 ||   136
